cohdb
Replays
Latest Replays
All Replays
Popular Replays
Top Player Replays
Match Explorer
How It Works
Community
CoH3 Stats
Reddit
Sign in to upload your games and track your stats! →
Sign in with Steam
Match 44677841
Unlisted
Match 44677841
Overview
Messages
Build Orders
End
Vickers Machine Gun Team
Construct Section Command Post
Selects Indian Artillery Battlegroup
ML 3-inch Mortar Team
Infantry Section
Infantry Section
Construct Platoon Command Post
Unlock Bishop Self-propelled Artillery
Bishop Self-propelled Artillery
Selects Valour
Infantry Section
Grenade Package
FobozZ
Генерал Ханыга
十三将士归玉门
lplp4943718
JohnMcClane
Certified POC
KellySlayer
Certified POS
0
0
Comments
sign in to comment!
No comments posted yet!